 Dungeon Crawl Stone Soup version 0.22.0-40-g68aacdc (webtiles) character file.

144 corax the Sneak (level 5, -1/31 HPs)
             Began as an Octopode Fire Elementalist on Sept 1, 2018.
             Slain by a worker ant (6 damage)
             ... on level 4 of the Dungeon.
             The game lasted 00:10:51 (3609 turns).

corax the Sneak (Octopode Fire Elementalist)        Turns: 3609, Time: 00:10:51

Health: -1/31      AC:  1    Str:  7    XL:     5   Next: 27%
Magic:  6/9        EV: 14    Int: 19    God:
Gold:   109        SH:  0    Dex: 12    Spells: 8/9 levels left

rFire    . . .     SeeInvis .   h - +0 short sword (curse)
rCold    . . .     Gourm    .   (no shield)
rNeg     . . .     Faith    .   (helmet restricted)
rPois    .         Spirit   .   (no amulet)
rElec    .         Reflect  .   (no ring)
rCorr    .         Harm     .   (no ring)
MR       .....                  (no ring)
Stlth    +++.......             (no ring)
HPRegen  0.10/turn              (no ring)
MPRegen  0.11/turn              (no ring)
                                (no ring)
                                (no ring)

@: lethally poisoned (-1 -> -5), hasted, very quick
A: almost no armour, stealthy swim, amphibious, 8 rings, constrict 8, camouflage
1, gelatinous body 1
a: no special abilities


You were on level 4 of the Dungeon.
You were hungry.

You visited 1 branch of the dungeon, and saw 4 of its levels.

You collected 109 gold pieces.

Inventory:

Hand Weapons
 h - a cursed +0 short sword (weapon)
Scrolls
 a - 2 scrolls of immolation {unknown}
 e - 2 scrolls of amnesia {unknown}
 f - a scroll of enchant armour {unknown}
 m - a scroll of fear {unknown}
Potions
 c - a potion of degeneration {unknown}
 d - a potion of heal wounds {unknown}
 g - a potion of flight {unknown}
 i - a potion of cancellation {unknown}
 j - 2 potions of haste
 k - a potion of magic {unknown}
 n - a potion of agility {unknown}
 o - a potion of curing {unknown}
 p - a potion of brilliance {unknown}
Comestibles
 b - 7 rations


   Skills:
 + Level 2.9 Dodging
 + Level 4.0 Stealth
 + Level 2.7 Spellcasting
 + Level 2.2 Conjurations
 + Level 3.7 Fire Magic


You had 8 spell levels left.
You knew the following spells:

 Your Spells              Type           Power        Failure   Level  Hunger
a - Flame Tongue          Conj/Fire      ##...        4%          1    None

Your spell library contained the following spells:

 Spells                   Type           Power        Failure   Level  Hunger
 Throw Flame              Conj/Fire      ##....       7%          2    ##.....
 Conjure Flame            Conj/Fire      ##......     14%         3    ###....
 Inner Flame              Hex/Fire       #.......     22%         3    ###....
 Sticky Flame             Conj/Fire      ##......     41%         4    ####...
 Fireball                 Conj/Fire      ##........   77%         5    ######.


Dungeon Overview and Level Annotations

Branches:
Dungeon (4/15)
 Temple: D:4-7

Altars:
Ashenzari
Wu Jian


Innate Abilities, Weirdness & Mutations

You cannot wear most types of armour.
You are very stealthy in the water. (Stealth+)
You are amphibious.
You can wear up to eight rings at the same time.
You can use your tentacles to constrict eight enemies at once.
Your skin changes colour to match your surroundings (Stealth+).
Your rubbery body absorbs attacks. (AC +1, EV +1)


Message History

The leopard gecko hisses menacingly.
You feel sick.
You feel sick. The leopard gecko closely misses you.
You feel sick.
The worker ant bites you but does no damage.
You feel sick.
You feel sick. The worker ant bites you.
* * * LOW HITPOINT WARNING * * *
The leopard gecko hisses menacingly.
The leopard gecko barely misses you.
You see here 6 tomahawks.
* * * LOW HITPOINT WARNING * * *
You feel sick.
* * * LOW HITPOINT WARNING * * *
You feel sick.
It was a potion of haste.
You feel yourself speed up. The worker ant closely misses you.
The leopard gecko closely misses you. The worker ant bites you.
You die...

#..## ####...........## ##..##
####......### .##..## ####..##
...#..##### #..## ....#.....#####
##..## ##. ....#.........#####
###..÷.###...
...##.............###............
...##...##.......................
...##...######..@a.(.............
...##...# ####l..>............
..####..## ####............# #.
#..^# ###............### ###
#...# ####.....###.....##
..####...####.>.#.....####...####
....##...##...###.....†# ##......
##..........### #......## ###....
####.....### ##......# ###..


You could see a worker ant and a leopard gecko.

Vanquished Creatures
  A hound (D:4)
  A worker ant (D:4)
  2 adders (D:2)
  2 worms (D:2)
  2 dart slugs (D:1)
  A leopard gecko (D:1)
  4 orcs (D:3)
  A ball python (D:2)
  A giant cockroach (D:1)
  6 hobgoblins
  5 jackals (D:2)
  2 quokkas (D:3)
  7 bats
  4 frilled lizards
  4 goblins
  8 kobolds
  8 rats
59 creatures vanquished.

Notes
Turn   | Place    | Note
-------+----------+-------------------------------------------
     0 | D:1      | corax the Octopode Fire Elementalist began the quest for the Orb.
     0 | D:1      | Reached XP level 1. HP: 11/11 MP: 3/3
   239 | D:1      | Reached XP level 2. HP: 15/17 MP: 1/5
   479 | D:1      | Reached skill level 3 in Stealth
  1075 | D:2      | Found a shattered altar of Ashenzari.
  1088 | D:2      | Reached XP level 3. HP: 11/21 MP: 1/6
  1226 | D:2      | HP: 1/21 [worm (11)]
  2194 | D:2      | Reached XP level 4. HP: 20/27 MP: 4/7
  2675 | D:3      | Found an ornate altar of the Wu Jian Council.
  3223 | D:4      | Reached XP level 5. HP: 30/31 MP: 3/9
  3592 | D:4      | Reached skill level 4 in Stealth
  3609 | D:4      | Slain by a worker ant

Skill      XL: |  1  2  3  4  5 |
---------------+----------------+-----
Stealth        | 3 4 |  4.0
Conjurations   | 2 |  2.2
Dodging        | |  2.9
Spellcasting   | |  2.7
Fire Magic     | |  3.7

Action                   |  1- 3 |  4- 6 || total
-------------------------+-------+-------++-------
Melee: Unarmed           |    13 |       ||    13
       Constrict         |     4 |     5 ||     9
       Tentacles         |     4 |     2 ||     6
       Short sword       |       |    19 ||    19
 Cast: Flame Tongue      |    64 |    35 ||    99
  Use: Potion            |       |     1 ||     1
 Stab: Sleeping          |       |     4 ||     4
  Eat: Chunk             |     4 |     4 ||     8
Armor: Skin              |     4 |     3 ||     7
Dodge: Dodged            |    13 |    27 ||    40
